 Dungeon Crawl Stone Soup version 0.31-a0-37-g98a128e1d9 (webtiles) character file.

Game seed: 10424476245627102803

7 BlueFish the Charlatan (level 1, -1/16 HPs)
             Began as a Draconian Artificer on May 15, 2023.
             Slain by a kobold
             ... wielding a +1 whip of flaming
              (2 damage)
             ... on level 1 of the Dungeon.
             The game lasted 00:00:48 (148 turns).

BlueFish the Charlatan (Draconian Artificer)         Turns: 148, Time: 00:00:49

Health: -1/16      AC:  4    Str: 14    XL:     1   Next: 83%
Magic:  1/1        EV: 12    Int: 11    God:
Gold:   29         SH:  0    Dex: 11    Spells: 0/0 levels left

rFire   . . .        h - +0 dagger
rCold   . . .        (no shield)
rNeg    . . .        (body armour unavailable)
rPois   .            (helmet restricted)
rElec   .            (no cloak)
rCorr   .            (no gloves)
SInv    .            (no boots)
Will    .....        (no amulet)
Stlth   +            (no ring)
HPRegen 0.22/turn    (no ring)
MPRegen 0.07/turn

%: no passive effects
@: no status effects
A: AC +4, unfitting armour, cold-blooded
a: no special abilities


You were on level 1 of the Dungeon.
You visited 1 branch of the dungeon, and saw 1 of its levels.

You collected 29 gold pieces.

Inventory:

Hand Weapons
 a - a +0 club
 h - a +0 dagger (weapon)
Wands
 b - a wand of flame (15) (quivered)
 c - a wand of charming (14)
 d - a wand of iceblast (5)
Scrolls
 f - a scroll of torment {unknown}
Potions
 e - a potion of degeneration {unknown}
 g - a potion of lignification {unknown}


   Skills:
 + Level 1.4 Fighting
 + Level 2.2 Dodging
 + Level 1.1 Stealth
 + Level 3.1 Evocations


You couldn't memorise any spells.
You didn't know any spells.
Your spell library was empty.

Dungeon Overview and Level Annotations

Branches:
Dungeon (1/15)

Altars:


Innate Abilities, Weirdness & Mutations

Your plain brown scales are hard. (AC +4)
You cannot fit into any form of body armour.
You are cold-blooded and may be slowed by cold attacks.


Message History

h - a +0 dagger (weapon)
A bat comes into view.
Found a red potion.
The bat barely misses you.
You closely miss the bat. You tail-slap the bat.
You kill the bat!
No target in view!
A kobold comes into view. It is wielding a +1 whip of flaming.
You see here a bat corpse.
A ball python comes into view.
The kobold shouts!
You hear an angry hiss.
You barely miss the kobold. The kobold closely misses you.
You barely miss the kobold.
The kobold hits you with a +1 whip of flaming.
The kobold burns you.
You barely miss the kobold. The kobold barely misses you.
You closely miss the kobold.
The kobold hits you with a +1 whip of flaming.
The kobold burns you.
You barely miss the kobold.
The kobold hits you with a +1 whip of flaming.
The kobold burns you.
You closely miss the kobold. You tail-slap the kobold.
The kobold is moderately wounded.
The kobold barely misses you.
You hit the kobold.
The kobold is heavily wounded.
The kobold hits you with a +1 whip of flaming.
The kobold burns you.
You closely miss the kobold.
The kobold is heavily wounded.
The kobold hits you with a +1 whip of flaming.
* * * LOW HITPOINT WARNING * * *
The kobold burns you.
* * * LOW HITPOINT WARNING * * *
Aiming: Charm
Press: ? - help, Shift-Dir - straight line, f - kobold
Aim: a kobold, wielding a +1 whip of flaming (heavily wounded, chance to affect: 73%)
The kobold struggles to resist.
The kobold hits you with a +1 whip of flaming.
You die...

# #.............†.....#.#
..####..........#######.....
................#######..###
...!.....†..............## #
......S........########.# #
......#####.####......#.# #
..... #S# #.####.#.#### ....
#K# #.#<.#.#.#... ... #@#
#.#....#.#... ..
#.####.######.#... .
#.##.#........#...
#......######.....
#...#..######....#
#.#...............
..................#
....................
#..#.####.......###


You could see a ball python and a kobold.

Vanquished Creatures
  2 giant cockroaches (D:1)
  A goblin (D:1)
  2 bats (D:1)
  A kobold (D:1)
  A rat (D:1)
7 creatures vanquished.

Notes
Turn   | Place    | Note
-------+----------+-------------------------------------------
     0 | D:1      | BlueFish the Draconian Artificer began the quest for the
                  | Orb.
     0 | D:1      | Reached XP level 1. HP: 16/16 MP: 1/1
    49 | D:1      | Reached skill level 1 in Stealth
   148 | D:1      | Slain by a kobold

Illustrated notes

Levels and vault maps discovered:
D:1:      zelgadis_glass_arrival_small, layout_rooms, minmay_domino_4

Skill      XL: |  1 |
---------------+----+-----
Stealth        | 1 |  1.1
Fighting       | |  1.4
Dodging        | |  2.2
Evocations     | |  3.1

Action                     || total
---------------------------++-------
  Melee: Club              ||    30
         Dagger            ||     9
         Tailslap          ||     3
  Evoke: Wand              ||     1
 Armour: Skin              ||    14
  Dodge: Dodged            ||    40

Table legend: (Time is in decaauts)
 A = Elapsed time spent in this place.
 B = Non-inter-level travel time spent in this place.
 C = Inter-level travel time spent in this place.
 D = Time resting spent in this place.
 E = Time spent auto-exploring this place.
 F = Levels seen in this place.
 G = Mean time per level.
                   A        B        C        D        E       F      G
               +--------+--------+--------+--------+--------+-----+--------+
         Total |    156 |    156 |      0 |      0 |     63 |   1 |  156.0 |
       Dungeon |    156 |    156 |      0 |      0 |     63 |   1 |  156.0 |
               +--------+--------+--------+--------+--------+-----+--------+

Top non-repeatable levels by time:
     D:1: 156 daAuts
